 Dungeon Crawl Stone Soup version 0.25.1-2-g60ff931df9 (webtiles) character file.

Game seed: 3686339746250040544

54 DildoBatman the Conjurer (level 4, 0/30 HPs)
             Began as a Formicid Wizard on Sept 11, 2020.
             Slain by a quokka (2 damage)
             ... on level 3 of the Dungeon.
             The game lasted 00:03:26 (1815 turns).

DildoBatman the Conjurer (Formicid Wizard)          Turns: 1815, Time: 00:03:27

Health: 0/30       AC:  2    Str: 12    XL:     4   Next: 12%
Magic:  8/8        EV: 12    Int: 18    God:
Gold:   52         SH:  0    Dex:  9    Spells: 8/9 levels left

rFire    . . .     SeeInvis +   j - +0 short sword
rCold    . . .     Gourm    .   (no shield)
rNeg     . . .     Faith    +   a - +0 robe
rPois    .         Spirit   .   (helmet unavailable)
rElec    .         Reflect  .   (no cloak)
rCorr    .         Harm     .   (no gloves)
MR       .....                  (no boots)
Stlth    ++........             d - amulet of faith
HPRegen  0.10/turn              (no ring)
MPRegen  0.11/turn              (no ring)

@: starving
A: permanent stasis, dig shafts and tunnels, four strong arms, antennae 3
a: Dig, Shaft Self


You were on level 3 of the Dungeon.
You were starving.

You visited 1 branch of the dungeon, and saw 3 of its levels.

You collected 52 gold pieces.

Inventory:

Hand Weapons
 i - a +0 dagger
 j - a +0 short sword (weapon)
Missiles
 b - 26 bolts
 c - 7 poisoned darts (quivered)
 h - 79 arrows
 n - 37 stones
Armour
 a - a +0 robe (worn)
Jewellery
 d - an amulet of faith (around neck)
Scrolls
 e - 6 scrolls of remove curse {unknown}
 f - a scroll of teleportation {unknown}
 g - a scroll of magic mapping {unknown}
 k - a scroll of identify {unknown}
 p - a scroll of fear {unknown}
 q - a scroll of random uselessness {unknown}
Potions
 l - a potion of lignification {unknown}
 m - 2 potions of curing {unknown}
 o - 2 potions of degeneration {unknown}
Comestibles
 v - a ration


   Skills:
 - Level 1.7 Dodging
 - Level 2.4 Stealth
 - Level 3.2 Spellcasting
 * Level 3.3 Conjurations
   Level 1.0 Summonings
   Level 0.8 Translocations


You had 8 spell levels left.
You knew the following spells:

 Your Spells              Type           Power        Failure   Level  Hunger
c - Magic Dart            Conj           ##..         4%          1    None

Your spell library contained the following spells:

 Spells                   Type           Power        Failure   Level  Hunger
 Call Imp                 Summ           #.......     16%         2    ##.....
 Slow                     Hex            #.......     24%         2    ##.....
 Conjure Flame            Conj/Fire      #.......     24%         3    ###....
 Mephitic Cloud           Conj/Pois/Air  #.......     30%         3    ###....
 Blink                    Tloc           Unusable     N/A         2    N/A

Dungeon Overview and Level Annotations

Branches:
Dungeon (2/15)

Altars:
Uskayaw


Innate Abilities, Weirdness & Mutations

You cannot be hasted, slowed, berserked, paralysed or teleported.
You can dig through walls and to a lower floor.
Your four strong arms can wield two-handed weapons with a shield.
You have a pair of large antennae on your head. (SInv)


Message History

r - Retreat! s - Stop attacking. g - Guard the area. f - Follow me.
Anything else - Cancel.
You shout for attention!
The giant cockroach completely misses you.
The quokka misses you. The kobold hits you.
The giant cockroach closely misses you. What are your orders? t - Shout!
Orders for allies: a - Attack new target. r - Retreat! s - Stop attacking. g - Guard the area. f - Follow me.
Anything else - Cancel.
You shout for attention!
The quokka barely misses you. The kobold closely misses you.
The giant cockroach bites you but does no damage.
The quokka bites you.
You die...

#
#######...#
#..@K......
#.srr...[#.
#..$.....#
#.?......#
#.......!..
#.......##.
#.......#
#######..


You could see a quokka, a giant cockroach, a kobold and a rat.

Vanquished Creatures
  2 adders (D:2)
  A dart slug (D:2)
  2 ball pythons (D:1)
  3 giant cockroaches (D:1)
  6 goblins (D:1)
  A hobgoblin (D:2)
  5 kobolds
  5 bats
  6 frilled lizards
  4 rats (D:1)
35 creatures vanquished.

Notes
Turn   | Place    | Note
-------+----------+-------------------------------------------
     0 | D:1      | DildoBatman the Formicid Wizard began the quest for the
                  | Orb.
     0 | D:1      | Reached XP level 1. HP: 13/13 MP: 4/4
    39 | D:1      | Reached skill level 1 in Conjurations
   217 | D:1      | Reached XP level 2. HP: 9/19 MP: 0/6
   683 | D:1      | Reached XP level 3. HP: 17/24 MP: 0/7
  1555 | D:2      | Found a hide-covered altar of Uskayaw.
  1603 | D:2      | Noticed a scorpion
  1723 | D:2      | Reached XP level 4. HP: 30/30 MP: 1/8
  1785 | D:2      | You fall into a shaft and drop 1 floor!
  1815 | D:3      | Slain by a quokka

Illustrated notes

Levels and vault maps discovered:
D:1:      ebering_trefoil_twist, layout_loops_cross, serial_forest,
          infiniplex_forest_clump_long, infiniplex_forest_end_2,
          infiniplex_forest_fountain, infiniplex_forest_zigzag_1,
          infiniplex_forest_lined_2, infiniplex_forest_straight_2,
          minmay_tetromino_s2
D:2:      layout_loops_corners, lemuel_coloured_pillars_altar,
          serial_bayou_lagoon_b
D:3:      kennysheep_the_goblin_king, layout_rooms, lemuel_crystal_altar

Skill      XL: |  1  2  3 |
---------------+----------+-----
Conjurations   | 1 2 3 |  3.3
Dodging        | |  1.7
Stealth        | |  2.4
Spellcasting   | |  3.2
Summonings     | |  1.0
Translocations | |  0.8

Action                   |  1- 3 |  4- 6 || total
-------------------------+-------+-------++-------
Melee: Unarmed           |     4 |       ||     4
       Short sword       |     5 |       ||     5
       Dagger            |     1 |       ||     1
 Cast: Magic Dart        |    79 |     1 ||    80
 Abil: Dig               |     3 |       ||     3
       Shaft Self        |       |     1 ||     1
 Stab: Sleeping          |     2 |       ||     2
  Eat: Chunk             |     1 |       ||     1
Armor: Robe              |     5 |    17 ||    22
Dodge: Dodged            |    13 |    51 ||    64
